Map: 2000 Atmospheres LE

Players

Rogue

  • Race: Zerg Zerg

Ryung - Winner!

  • Race: Terran Terran

Event: IEM Katowice 2022

VOD

Have the link to the VOD?

Description

Time

  • Played on: Feb. 26, 2022, 10:21 a.m.
  • Length: 13:22

All games in this series

Show
View Real Time Build Order
Export as new Build Order

Rogue Zerg 

Build Orders: Hatch First 

Get SALT Encoding   

  12  0:00  Drone  
  13  0:12  Overlord  
  13  0:16  Drone  
  14  0:31  Drone x2  
  16  0:48  Hatchery  
  15  0:50  Drone  
  15  0:54  Drone  
  17  0:57  Drone  
  18  1:08  Extractor  
  17  1:12  Spawning Pool  
  17  1:15  Drone  
  17  1:19  Drone  
  18  1:27  Drone  
  19  1:38  Drone  
  20  1:49  Drone  
  21  2:00  Queen  
  21  2:01  Queen  
  25  2:05  Roach Warren, Extractor, Zergling x4  
  25  2:16  Overlord  
  25  2:20  Metabolic Boost  
  24  2:32  Overlord  
  24  2:44  Roach  
  24  2:49  Overlord  
  24  2:51  Roach x2  
  30  2:54  Roach  
  32  3:04  Overlord  
  32  3:08  Ravager  
  33  3:13  Drone  
  33  3:14  Drone  
  33  3:19  Ravager  
  36  3:24  Roach  
  38  3:34  Roach  
  40  3:35  Roach  
  40  3:38  Drone  
  40  3:39  Drone  
  43  3:57  Hatchery  
  42  4:05  Overlord  
  42  4:15  Spore Crawler  
  41  4:17  Ravager x2  
  43  4:24  Drone x4  
  43  4:28  Drone  
  43  4:30  Drone  
  47  4:34  Drone  
  48  4:45  Lair  
  48  4:48  Drone  
  49  4:56  Spore Crawler  
  49  4:57  Drone  
  49  5:06  Drone x2  
  49  5:07  Drone  
  52  5:10  Drone  
  52  5:14  Zergling x2  
  54  5:20  Queen  
  56  5:24  Drone  
  56  5:27  Drone  
  58  5:31  Extractor  
  58  5:32  Drone, Extractor  
  57  5:40  Overlord  
  57  5:41  Drone x2  
  57  5:42  Drone  
  60  5:51  Spire  
  60  5:52  Overseer  
  59  5:58  Drone  
  59  5:59  Drone  
  59  6:00  Overseer  
  59  6:02  Drone  
  61  6:06  Drone  
  61  6:10  Drone  
  60  6:16  Drone x2  
  61  6:19  Drone  
  61  6:21  Drone  
  63  6:26  Overlord  
  63  6:29  Drone  
  62  6:34  Overlord  
  62  6:39  Drone  
  64  6:40  Drone  
  64  6:42  Drone  
  64  6:45  Overlord  
  65  6:47  Overseer  
  65  7:04  Mutalisk x6  
  77  7:09  Mutalisk  
  77  7:12  Mutalisk  
  77  7:15  Drone x2  
  83  7:17  Drone  
  84  7:23  Zerg Flyer Weapons Level 1  
  84  7:25  Overlord  
  83  7:31  Drone  
  84  7:38  Hatchery  
  83  7:49  Drone x2  
  83  7:50  Drone, Evolution Chamber  
  85  7:51  Evolution Chamber  
  85  7:52  Baneling Nest  
  85  7:55  Mutalisk  
  85  7:58  Mutalisk  
  85  8:02  Drone x2  
  89  8:05  Mutalisk  
  89  8:11  Mutalisk  
  93  8:14  Mutalisk  
  93  8:17  Drone  
  96  8:23  Overlord  
  96  8:27  Mutalisk  
  96  8:29  Zergling x2  
  99  8:34  Ravager  
  99  8:37  Overlord  
  99  8:38  Overlord  
  100  8:43  Centrifugal Hooks  
  100  8:46  Baneling  
  100  8:47  Zergling x6  
  100  8:51  Zergling x2  
  100  8:55  Baneling x3, Zergling x2  
  101  8:56  Zergling x2  
  101  9:01  Zergling x6  
  106  9:07  Zergling x2  
  106  9:08  Zergling x4  
  110  9:17  Zergling x2, Ravager x2  
  110  9:20  Zergling x2  
  110  9:22  Baneling, Zergling x2  
  110  9:23  Baneling x6  
  113  9:34  Hatchery  
  108  9:44  Zergling x12  
  108  9:45  Zergling x2  
  102  9:51  Zerg Ground Armor Level 1  
  102  9:58  Mutalisk x2  
  106  10:01  Overlord  
  106  10:10  Zerg Flyer Weapons Level 2  
  106  10:12  Overlord  
  106  10:13  Drone  
  107  10:23  Drone x2  
  107  10:25  Drone  
  110  10:30  Mutalisk  
  110  10:32  Zergling x4  
  114  10:35  Zergling x2  
  114  10:36  Zergling x2  
  116  10:42  Burrow  
  116  10:43  Zergling x6  
  116  10:48  Overlord  
  120  10:50  Zergling x2  
  114  10:58  Mutalisk x3  
  114  11:01  Baneling  
  112  11:05  Zergling x2  
  103  11:13  Zergling x12  
  103  11:17  Mutalisk  
  105  11:21  Mutalisk  
  105  11:24  Zergling x2  
  106  11:28  Zergling x2  
  106  11:31  Baneling x6  
  107  11:37  Zergling x2  
  103  11:44  Zergling x6  
  103  11:45  Zergling x2  
  93  11:48  Mutalisk  
  93  11:53  Mutalisk  
  80  12:02  Hatchery  
  80  12:06  Zergling x6  
  82  12:15  Zergling x4  
  84  12:18  Baneling x9  
  84  12:24  Overlord, Zergling x2  
  84  12:29  Baneling x4  
  86  12:30  Zergling x2  
  84  12:38  Zergling x10  
  83  12:45  Mutalisk  
  85  12:52  Zergling x2  
  85  12:57  Mutalisk  
  89  13:07  Baneling  
  89  13:08  Baneling  
Show
View Real Time Build Order
Export as new Build Order

Ryung Terran - Winner!

Build Orders:  

Get SALT Encoding   

  12  0:00  SCV  
  13  0:12  SCV  
  14  0:19  Supply Depot  
  14  0:24  SCV  
  15  0:43  Barracks  
  15  0:53  Barracks  
  15  0:55  SCV  
  16  1:07  SCV  
  16  1:09  Refinery  
  17  1:20  SCV  
  18  1:31  Bunker, Marine  
  19  1:32  Orbital Command  
  19  1:40  Marine  
  20  1:47  Supply Depot  
  20  1:49  Marine  
  21  1:57  Bunker  
  21  2:02  SCV  
  21  2:03  Marine  
  23  2:08  Marine  
  24  2:16  Factory  
  24  2:19  SCV  
  24  2:21  Marine  
  26  2:26  Marine  
  27  2:32  Supply Depot  
  27  2:33  SCV  
  28  2:45  SCV  
  31  2:57  SCV  
  30  3:00  Hellion  
  30  3:04  Starport  
  32  3:10  SCV  
  33  3:22  SCV  
  34  3:28  Command Center  
  34  3:29  Factory Tech Lab  
  34  3:34  SCV  
  32  3:44  Refinery  
  32  3:45  Bunker  
  32  3:46  SCV  
  32  3:53  Banshee  
  35  3:58  SCV  
  35  4:01  Supply Depot  
  36  4:10  SCV  
  36  4:15  Cloaking Field  
  36  4:22  SCV  
  37  4:34  Barracks Reactor, SCV  
  37  4:35  Factory Tech Lab  
  36  4:40  Orbital Command  
  36  4:45  Banshee  
  39  4:46  SCV  
  40  4:56  Command Center  
  40  5:04  Orbital Command  
  40  5:08  Siege Tank  
  40  5:09  SCV  
  40  5:13  Marine x2  
  46  5:20  Refinery  
  46  5:23  SCV  
  47  5:30  SCV  
  47  5:32  Marine  
  47  5:33  Marine  
  47  5:35  SCV  
  51  5:37  Supply Depot  
  51  5:42  SCV  
  52  5:44  Siege Tank  
  52  5:45  Barracks  
  52  5:46  Starport Reactor  
  52  5:47  SCV  
  56  5:52  Barracks  
  56  5:54  SCV  
  57  6:00  Engineering Bay  
  57  6:06  SCV x2  
  57  6:07  Marine, Stimpack  
  57  6:09  Orbital Command  
  61  6:18  SCV x2  
  61  6:20  Engineering Bay  
  62  6:28  Terran Infantry Weapons Level 1  
  62  6:30  SCV x2, Marine  
  62  6:34  Factory Reactor  
  62  6:36  SCV  
  63  6:40  Refinery  
  63  6:41  Starport Reactor  
  63  6:45  Marine x2  
  63  6:46  Marine  
  66  6:47  Terran Infantry Armor Level 1  
  66  6:48  SCV x2, Marine  
  66  6:54  Orbital Command  
  70  6:55  Supply Depot, Marine  
  70  7:01  Missile Turret  
  70  7:03  Marine x2  
  70  7:04  Marine  
  70  7:05  Missile Turret  
  73  7:12  Barracks x2  
  73  7:13  Widow Mine x2, Marine x2  
  79  7:19  SCV x3  
  82  7:25  Medivac  
  82  7:26  Missile Turret  
  82  7:28  Medivac  
  86  7:35  Supply Depot  
  86  7:36  Supply Depot, Widow Mine  
  88  7:39  Widow Mine  
  88  7:41  SCV  
  88  7:42  Missile Turret, SCV  
  92  7:44  SCV  
  92  7:47  Combat Shield  
  94  7:58  Widow Mine, Medivac  
  94  7:59  Medivac  
  94  8:00  Widow Mine  
  100  8:06  Barracks Reactor  
  100  8:07  SCV x3, Armory  
  100  8:12  Marine x2  
  103  8:16  Marine x4  
  109  8:24  Concussive Shells  
  109  8:27  Widow Mine  
  109  8:30  Marine  
  109  8:31  Marine  
  109  8:33  Marine  
  109  8:36  Supply Depot x2  
  109  8:42  Supply Depot  
  109  8:43  Marine x3  
  109  8:44  Widow Mine  
  109  8:46  Marine x2  
  109  8:48  Marine  
  114  8:49  Marine  
  114  8:51  Marine  
  114  8:54  Terran Infantry Armor Level 2, Terran Infantry Weapons Level 2  
  116  8:56  Supply Depot x2  
  116  9:01  Marine x3  
  119  9:03  Medivac x2  
  119  9:04  SCV x3, Marine x2  
  126  9:11  Supply Depot  
  126  9:16  SCV x3  
  125  9:22  Marine  
  125  9:24  Marauder, Marine x2  
  124  9:28  SCV x3  
  133  9:31  Widow Mine x2  
  133  9:34  Marine  
  133  9:35  Marine x2  
  133  9:37  Marine  
  126  9:40  Marine  
  126  9:41  Marine  
  126  9:42  Marine  
  126  9:44  Marine  
  123  9:52  Marine x2  
  120  10:00  Marauder, Marine x2  
  120  10:02  Medivac, Command Center  
  120  10:03  Marauder  
  120  10:04  Medivac  
  130  10:07  Marine  
  130  10:08  Marine  
  130  10:10  Marine x2  
  134  10:18  Factory  
  134  10:25  Marine  
  134  10:26  Marine x4  
  134  10:27  Marine  
  134  10:28  Marine x2  
  138  10:43  Marine  
  138  10:44  Marine x4  
  138  10:45  Marine  
  138  10:46  Marine x2  
  138  10:47  Supply Depot  
  138  10:49  Refinery x2  
  140  11:01  Marine  
  140  11:02  Marine x4  
  140  11:03  Marine  
  140  11:04  Marine x2  
  121  11:13  SCV x2  
  121  11:14  Medivac x2  
  121  11:19  Marine x2  
  121  11:20  Factory Tech Lab, Marine x3  
  121  11:21  Marine x2  
  121  11:22  Marine  
  125  11:37  Marine x4  
  125  11:38  Marine x2  
  125  11:39  Marine x2  
  105  11:54  Marine  
  105  11:55  Marine x4  
  105  11:56  Marine  
  105  11:57  Marine x2  
  105  11:58  Drilling Claws, Widow Mine x3  
  107  12:12  Marine  
  107  12:13  Marine x4  
  107  12:14  Marine  
  107  12:15  Marine x2  
  115  12:16  Command Center  
  115  12:19  Widow Mine x3  
  121  12:30  Marine  
  121  12:31  Marine x4  
  121  12:32  Marine  
  121  12:33  Marine  
  128  12:43  Marine  
  114  12:45  Widow Mine x3  
  114  12:47  Medivac x2  
  114  12:48  Marine x2  
  114  12:49  Marine x3  
  114  12:50  Marauder, Marine  
  129  13:00  Marine  

Tags
 
Add a new tag
Caveats
  • Supply blocks, unpowered buildings, or Contaminate may cause inaccurate times.
  • Supply counts are checked every 10 seconds.